 Dungeon Crawl Stone Soup version 0.25-a0-1136-gc1285e62ab (webtiles) character file.

Game seed: 7009007649748819727, levelgen mode: deterministic

5218 Nixze the Carver (level 10, -5/79 (80) HPs)
             Began as a Demonspawn Gladiator on May 23, 2020.
             Was a Believer of Cheibriados.
             Slain by a nine-headed hydra (9 damage)
             ... on level 1 of the Lair of Beasts.
             The game lasted 00:22:21 (11869 turns).

Nixze the Carver (Demonspawn Gladiator)            Turns: 11869, Time: 00:22:22

HP:   -5/79 (80)    AC: 12    Str: 22    XL:     10   Next: 35%
MP:   20/23         EV: 10    Int: 14    God:    Cheibriados [**....]
Gold: 747           SH: 12    Dex: 25    Spells: 9/9 levels left

rFire    . . .     SeeInvis +   p - +0 scimitar
rCold    . . .     Gourm    .   g - +0 buckler
rNeg     + . .     Faith    .   F - +1 chain mail of Filth {MP+9 Dex+2 SInv} (curse)
rPois    .         Spirit   .   c - +0 helmet
rElec    .         Reflect  +   (no cloak)
rCorr    .         Harm     .   (no gloves)
MR       .....                  (no boots)
Stlth    ..........             m - amulet of reflection
HPRegen  0.23/turn              i - ring of positive energy
MPRegen  0.18/turn              (no ring)

@: very slightly contaminated, invisible, very slow
A: claws 1, thin skeletal structure 1, spiny 2
a: Bend Time, Renounce Religion


You were on level 1 of the Lair of Beasts.
You worshipped Cheibriados.
Cheibriados was pleased with you.
You were not hungry.

You visited 3 branches of the dungeon, and saw 13 of its levels.
You also visited: Ossuary.

You collected 747 gold pieces.

Inventory:

Hand Weapons
 p - a +0 scimitar (weapon)
Missiles
 d - 4 throwing nets (quivered)
Armour
 a - a +0 kite shield
 b - a +1 plate armour
 c - a +0 helmet (worn)
 g - a +0 buckler (worn)
 F - the cursed +1 chain mail of Filth (worn) {MP+9 Dex+2 SInv}
   (You found it on level 1 of the Lair of Beasts)

   It affects your dexterity (+2).
   It affects your magic capacity (+9).
   It lets you see invisible.
   It has a curse placed upon it.
Jewellery
 i - a ring of positive energy (left claw)
 m - an amulet of reflection (around neck)
Wands
 A - a wand of clouds (5)
Scrolls
 l - 5 scrolls of magic mapping
 n - 4 scrolls of teleportation
 q - a scroll of blinking {unknown}
 s - 2 scrolls of amnesia
 u - a scroll of enchant armour
 w - 2 scrolls of immolation
 y - a scroll of fear {unknown}
 B - a scroll of holy word {unknown}
 C - 2 scrolls of remove curse
 D - a scroll of fog {unknown}
 E - 4 scrolls of identify
Potions
 e - 4 potions of heal wounds
 h - 5 potions of curing
 j - 4 potions of flight
 k - 4 potions of mutation
 o - 3 potions of degeneration {unknown}
 t - 2 potions of brilliance
 v - 2 potions of magic
 x - 3 potions of lignification
 z - 2 potions of might
Comestibles
 f - 25 rations
 G - 4 chunks of flesh


   Skills:
 + Level 7.8 Fighting
 * Level 8.7 Long Blades
 - Level 1.7 Throwing
 - Level 6.0 Armour
 - Level 2.6 Dodging
 + Level 4.9 Shields
 + Level 6.2 Invocations


You had 9 spell levels left.
You didn't know any spells.
Your spell library contained the following spells:

 Spells                   Type           Power        Failure   Level  Hunger
 Foxfire                  Conj/Fire      #...         91%         1    ##.....
 Conjure Flame            Conj/Fire      #.......     100%        3    ####...
 Ignite Poison            Fire/Tmut/Pois #.......     100%        3    ####...
 Inner Flame              Hex/Fire       #.......     100%        3    ####...
 Sticky Flame             Conj/Fire      #.......     100%        4    #####..
 Fireball                 Conj/Fire      #.........   100%        5    ######.
 Starburst                Conj/Fire      #.........   100%        6    #######
 Ring of Flames           Chrm/Fire      #.........   100%        7    #######
 Ignition                 Fire           #.........   100%        8    #######


Dungeon Overview and Level Annotations

Branches:
Dungeon (11/15)            Temple (1/1) D:7            Lair (1/6) D:10
Ossuary (visited)
    Orc: D:9-12

Altars:
Ashenzari
Cheibriados
Dithmenos
Elyvilon
Fedhas
Gozag
Hepliaklqana
Kikubaaqudgha
Makhleb
Nemelex Xobeh
Okawaru
Qazlal
Ru
Sif Muna
Trog
Uskayaw
Vehumet
Wu Jian
Xom
Yredelemnul
Zin
The Shining One

Shops:
D:9 *   D:10 *


Innate Abilities, Weirdness & Mutations

You have sharp fingernails.
You have a somewhat thin skeletal structure. (Dex +2, Stealth)
You are mostly covered in sharp spines.


Message History

You block the nine-headed hydra's attack.
The nine-headed hydra bites you. x2; The nine-headed hydra bites you!
* * * LOW HITPOINT WARNING * * *
The nine-headed hydra bites you.
* * * LOW HITPOINT WARNING * * *
The nine-headed hydra bites you.
* * * LOW HITPOINT WARNING * * *
The nine-headed hydra bites you but does no damage.
You block the nine-headed hydra's attack.
The nine-headed hydra bites you.
* * * LOW HITPOINT WARNING * * *
The nine-headed hydra bites you but does no damage.
The nine-headed hydra closely misses you.
The nine-headed hydra bites you.
* * * LOW HITPOINT WARNING * * *
The nine-headed hydra closely misses you.
The nine-headed hydra bites you!
* * * LOW HITPOINT WARNING * * *
The nine-headed hydra bites you!
You die...

....>...# #..#
........# ##..# .
#....... #...#
.P#......#######..#
..................#
..................#
..................#
........<.........##
.......รท.D@.......P#
........###.####...#
.###....# #.# #...#
#....P #.#####.##
#....###...# #.#
#....##....# #.#
#..........###.#
#.....##...##P.#
#....###.#.###.#


You could see a nine-headed hydra.

Vanquished Creatures
  A centaur warrior (D:10)
  2 trolls
  Prince Ribbit (D:6)
  A wyvern (D:10)
  3 yaks (D:9)
  Menkaure (D:4)
  2 soldier ants (D:8)
  An orc warrior (D:7)
  A sky beast (D:10)
  3 necrophages
  2 ice beasts
  An ogre (D:10)
  2 centaurs
  A phantom (D:6)
  An elf zombie (Ossuary)
  2 bullfrogs
  A wyvern zombie (D:10)
  3 scorpions
  3 killer bees
  3 crimson imps
  3 howler monkeys
  4 centaur zombies
  A quasit (D:7)
  3 hounds
  2 orc priests
  A jelly (D:9)
  A bullfrog skeleton (D:10)
  2 iguanas
  5 orc wizards
  6 worker ants
  A big kobold zombie (Ossuary)
  2 ogre zombies (Ossuary)
  7 mummies (Ossuary)
  11 gnolls
  15 adders
  4 shadow imps
  An adder skeleton (D:5)
  3 adder zombies (Ossuary)
  3 worms
  5 dart slugs
  The ghost of Maedhros the Charlatan, a weakling OpAr (D:4)
  7 leopard geckos
  17 orcs
  6 bats
  5 giant cockroaches
  A gnoll zombie (Ossuary)
  11 goblins
  10 hobgoblins
  3 jackals (D:1)
  4 quokkas
  A ball python (D:7)
  3 frilled lizards
  A goblin zombie (Ossuary)
  6 hobgoblin zombies (Ossuary)
  8 kobolds
  7 kobold zombies (Ossuary)
  3 quokka zombies (Ossuary)
  9 rats
  2 rat zombies (Ossuary)
220 creatures vanquished.

Notes
Turn   | Place    | Note
-------+----------+-------------------------------------------
     0 | D:1      | Nixze the Demonspawn Gladiator began the quest for the Orb.
     0 | D:1      | Reached XP level 1. HP: 16/16 MP: 1/1
   221 | D:1      | Gained mutation: You are partially covered in sharp spines.
                  | [demonic ancestry]
   221 | D:1      | Reached XP level 2. HP: 4/22 MP: 2/2
   973 | D:1      | Reached skill level 3 in Long Blades
   973 | D:1      | Reached skill level 1 in Shields
  1077 | D:1      | Reached skill level 1 in Armour
  1082 | D:1      | Gained mutation: You have a somewhat thin skeletal
                  | structure. (Dex +2, Stealth) [demonic ancestry]
  1082 | D:1      | Reached XP level 3. HP: 27/28 MP: 3/3
  1533 | D:2      | Gained mutation: You have sharp fingernails. [demonic
                  | ancestry]
  1533 | D:2      | Reached XP level 4. HP: 34/34 MP: 4/4
  2002 | D:2      | Found a sparkling altar of Nemelex Xobeh.
  2068 | D:2      | Found a faded altar of an unknown god.
  2322 | D:3      | Reached XP level 5. HP: 35/41 MP: 5/5
  3292 | D:4      | Noticed a centaur
  3300 | D:4      | Killed a centaur
  3320 | D:4      | Found a sand-covered staircase.
  3328 | Ossuary  | Entered an ossuary
  3439 | Ossuary  | Reached XP level 6. HP: 44/47 MP: 6/6
  3476 | Ossuary  | Reached skill level 4 in Long Blades
  3988 | Ossuary  | Reached XP level 7. HP: 50/54 MP: 7/7
  4352 | D:4      | Noticed Menkaure
  4357 | D:5      | Entered Level 5 of the Dungeon
  4385 | D:4      | Killed Menkaure
  4624 | D:4      | Found a runed translucent door.
  4628 | D:4      | Noticed Maedhros's ghost (weakling OpAr)
  4689 | D:4      | Killed Maedhros's ghost
  5039 | D:4      | Reached skill level 5 in Fighting
  5039 | D:4      | Reached skill level 5 in Long Blades
  5039 | D:4      | Reached XP level 8. HP: 62/62 MP: 8/8
  5676 | D:5      | Found a white marble altar of Elyvilon.
  6000 | D:6      | Found a glowing silver altar of Zin.
  6141 | D:6      | Noticed Prince Ribbit
  6692 | D:6      | Killed Prince Ribbit
  6970 | D:7      | Reached skill level 5 in Armour
  7012 | D:7      | Found a staircase to the Ecumenical Temple.
  7031 | Temple   | Entered the Ecumenical Temple
  7153 | Temple   | Became a worshipper of Cheibriados the Contemplative
  7354 | D:7      | Reached skill level 6 in Long Blades
  7354 | D:7      | Reached skill level 1 in Invocations
  8199 | D:7      | Reached XP level 9. HP: 68/68 MP: 10/10
  8660 | D:8      | Reached * piety under Cheibriados
  9208 | D:9      | Found a glowing golden altar of the Shining One.
  9208 | D:9      | Found a white marble altar of Elyvilon.
  9210 | D:9      | Found a radiant altar of Vehumet.
  9212 | D:9      | Found a shadowy altar of Dithmenos.
  9213 | D:9      | Found a stormy altar of Qazlal.
  9241 | D:9      | Found Tahutz Demo's Assorted Antiques.
  9358 | D:9      | Noticed a troll
  9374 | D:9      | Killed a troll
  9374 | D:9      | Reached skill level 7 in Long Blades
 10211 | D:10     | Entered Level 10 of the Dungeon
 10211 | D:10     | Found a staircase to the Lair.
 10400 | D:10     | Reached skill level 5 in Invocations
 10428 | D:10     | Reached skill level 8 in Long Blades
 10594 | D:10     | Reached ** piety under Cheibriados
 10844 | D:9      | Gained mutation: You are mostly covered in sharp spines.
                  | [demonic ancestry]
 10844 | D:9      | Reached XP level 10. HP: 78/78 MP: 13/13
 10899 | D:10     | Found Civeveu's Elemental Accessories.
 10902 | D:10     | Noticed a centaur warrior
 10925 | D:10     | Killed a centaur warrior
 11735 | Lair:1   | Entered Level 1 of the Lair of Beasts
 11737 | Lair:1   | Got a faintly humming chain mail
 11754 | Lair:1   | Identified the cursed +1 chain mail of Filth {MP+9 Dex+2
                  | SInv} (You found it on level 1 of the Lair of Beasts)
 11848 | Lair:1   | Noticed an eight-headed hydra
 11869 | Lair:1   | Slain by a nine-headed hydra

Illustrated notes

Levels and vault maps discovered:
D:1:      dpeg_arrival_concentric_ovals, layout_loops_ring,
          minmay_close_crescents
D:2:      layout_rooms, marbit_many_paths, chequers_ecumenical_altar_twisty
D:3:      layout_basic
D:4:      layout_gridville, enter_ossuary_5, ebering_ghost_reflecting_pool,
          first_ration, uniq_menkaure
D:5:      mumra_celtic_spiral_tile, layout_rooms, elyvilon_altar_4
D:6:      layout_gridville, zin_academy, uniq_prince_ribbit1
D:7:      layout_gridville, minmay_temple_entry_grid
D:8:      layout_basic, hangedman_pestilent_swarm
D:9:      layout_roguey, grunt_temple_overflow_open, serial_shops,
          nicolae_shop_waterfront, minmay_misc_feat_roman, serial_bayou_pond_d
D:10:     layout_basic, lair_entry_dummy, nicolae_elemental_shop,
          kennysheep_generic_room_8
D:11:     layout_long_grid
Temple:   regret_index_temple_waves
Lair:1:   layout_regular_city, patterned_corridor, uniq_grum

Skill      XL: |  1  2  3  4  5  6  7  8  9 10 |
---------------+-------------------------------+-----
Long Blades    | 3 4 5 6 8 |  8.7
Shields        | 1 2 3 4 |  4.9
Armour         | 1 2 3 5 6 |  6.0
Fighting       | 3 4 5 6 7 |  7.8
Invocations    | 2 5 6 |  6.2
Throwing       | |  1.7
Dodging        | |  2.6

Action                   |  1- 3 |  4- 6 |  7- 9 | 10-12 || total
-------------------------+-------+-------+-------+-------++-------
Melee: Long sword        |    91 |   225 |   272 |       ||   588
       Scimitar          |       |       |   173 |    60 ||   233
Invok: Bend Time         |       |       |     1 |     3 ||     4
  Use: Scroll            |       |     1 |    17 |       ||    18
       Potion            |       |       |     4 |     1 ||     5
 Stab: Sleeping          |       |     2 |       |       ||     2
  Eat: Chunk             |     2 |     7 |    17 |     1 ||    27
       Ration            |       |       |     1 |       ||     1
Armor: Leather armour    |     5 |       |       |       ||     5
       Ring mail         |    17 |    22 |       |       ||    39
       Scale mail        |       |    28 |    48 |       ||    76
       Chain mail        |       |       |    21 |    10 ||    31
       Plate armour      |       |       |    88 |    23 ||   111
Dodge: Dodged            |    35 |    72 |   102 |    19 ||   228
Block: Buckler           |    37 |    88 |   234 |    50 ||   409
       Reflection        |       |     7 |     4 |     3 ||    14
       Rpst.: Long sword |     9 |    14 |    24 |       ||    47
       Scimitar          |       |       |    11 |     2 ||    13

Table legend:
 A = Non-vault XP
 B = Vault XP
 C = Vault XP percentage of total XP
 D = Non-vault monster count
 E = Vault monster count
 F = Vault count percentage of total count
                 A         B        C        D         E       F
            +---------+---------+-------+---------+---------+-------
      Total |    6071 |    1384 |  18.6 |     171 |      49 |  22.3
            +---------+---------+-------+---------+---------+-------
        D:1 |      65 |       6 |   8.5 |      26 |       3 |  10.3
        D:2 |      91 |       1 |   1.1 |      24 |       1 |   4.0
        D:3 |      56 |       0 |   0.0 |      17 |       0 |   0.0
        D:4 |     346 |     186 |  35.0 |      11 |       2 |  15.4
        D:5 |     537 |       0 |   0.0 |      19 |       0 |   0.0
        D:6 |     178 |     268 |  60.1 |       5 |       1 |  16.7
        D:7 |     614 |       0 |   0.0 |      25 |       0 |   0.0
        D:8 |     198 |     345 |  63.5 |       3 |       4 |  57.1
        D:9 |    1436 |       0 |   0.0 |      16 |       0 |   0.0
       D:10 |    2140 |     110 |   4.9 |      23 |       1 |   4.2
       D:11 |     317 |       0 |   0.0 |       1 |       0 |   0.0
     Lair:1 |      93 |       0 |   0.0 |       1 |       0 |   0.0
    Ossuary |       0 |     468 | 100.0 |       0 |      37 | 100.0
            +---------+---------+-------+---------+---------+-------
